 Dungeon Sprint DCSS version 0.15-a0-1485-g692b94f (webtiles) character file.

708 PolkaDot the Brawler (level 7, -1/66 HPs)
             Began as a Troll Monk on June 14, 2014.
             Was a Believer of Jiyva.
             Slain by a manticore (10 damage)
             ... in the Dungeon (Sprint IX: "|||||||||||||||||||||||||||||").
             The game lasted 00:02:17 (151 turns).

PolkaDot the Brawler (Troll Monk)                    Turns: 151, Time: 00:02:17

HP  -1/66        AC  5     Str 20      XL: 7   Next: 40%
MP   3/3         EV 10     Int  6      God: Jiyva [**....]
Gold 0           SH  0     Dex 14      Spells:  0 memorised,  6 levels left

rFire  . . .     SeeInvis .       - Unarmed
rCold  . . .     Clarity  .     a - +0 robe
rNeg   . . .     rCorr    .     (shield restricted)
rPois  .         rRot     .     (helmet restricted)
rElec  .         Spirit   .     (no cloak)
SustAb .         Warding  .     (gloves unavailable)
rMut   .         NoTele   +     (boots unavailable)
Gourm  +                        (no amulet)
MR     .....                    (no ring)
                                (no ring)

@: manticore barbs, not resistant to hostile enchantments, unstealthy
A: unfitting armour, claws 3, fast metabolism 3, gourmand, regeneration 2,
saprovore 2, shaggy fur 1, tough skin 2
a: Request Jelly, Jelly Paralyse, Renounce Religion


You were in the Dungeon.
You worshipped Jiyva.
Jiyva was pleased with you.
You were full.

You visited 1 branch

Inventory:

Armour
 a - a +0 robe (worn)
Magical devices
 l - a wand of draining (7)
Comestibles
 b - 2 meat rations
Scrolls
 h - 2 scrolls of blinking
 j - 3 scrolls of remove curse
 k - 2 scrolls of amnesia
Jewellery
 m - a +2 ring of protection
 n - a +3 ring of intelligence
Potions
 c - 5 potions of curing
 d - a potion of heal wounds
 e - a potion of haste
 f - 4 potions of magic
 g - a potion of berserk rage
 i - a potion of invisibility


   Skills:
 * Level 2.4 Fighting
 - Level 2.4 Dodging
 - Level 1.1 Stealth
 + Level 15.7 Unarmed Combat


You had 6 spell levels left.
You didn't know any spells.

Dungeon Overview and Level Annotations

Branches:
Dungeon (1/1)

Altars:
Cheibriados
Dithmenos
Elyvilon
Fedhas
Gozag
Kikubaaqudgha
Makhleb
Nemelex Xobeh
Okawaru
Qazlal
Sif Muna
Trog
Vehumet
Xom
Yredelemnul
Zin
The Shining One
Beogh
Jiyva
Lugonu


Innate Abilities, Weirdness & Mutations

You are too large for most types of armour.
You have claws for hands.
Your metabolism is lightning-fast.
You like to eat raw meat.
You heal very quickly.
You can eat rotten meat.
You are covered in fur (AC +1).
You have very tough skin (AC +2).


Message History

You mangle the manticore!!
The manticore begins to bleed from its wounds!
The manticore is heavily wounded.
You closely miss the manticore.
The manticore is heavily wounded.
The manticore bites you! The manticore barely misses you.
The manticore claws you.
You closely miss the manticore.
The manticore is heavily wounded.
The manticore closely misses you. The manticore claws you!
The manticore claws you!
* * * LOW HITPOINT WARNING * * *
You claw the manticore!
The manticore is severely wounded.
You barely miss the manticore.
The manticore is severely wounded.
The manticore closely misses you. The manticore claws you!
* * * LOW HITPOINT WARNING * * *
The manticore claws you!
You die...

▓+▓
▓.▓
▓u▓
▓y▓
▓Z▓
▓o▓
▓H▓
▓@▓
▓.▓
▓.▓
▓.▓
▓.▓
▓[▓
▓.▓
▓(▓
▓.▓


You could see a manticore (bleeding), a green ugly thing, a killer bee, an orc
and an adder zombie.

Vanquished Creatures
  A hill giant (D)
  A yak (D)
  A big kobold (D)
  A crimson imp (D)
  A worker ant (D)
  A giant mite (D)
  An orc (D)
  A hobgoblin (D)
  A quokka (D)
  A giant cockroach (D)
  A giant gecko zombie (D)
  2 kobolds (D)
  3 rats (D)
  A rat skeleton (D)
17 creatures vanquished.

Vanquished Creatures (others)
  A jelly (D)
1 creature vanquished.

Grand Total: 18 creatures vanquished

Notes
Turn   | Place    | Note
--------------------------------------------------------------
     0 | D        | PolkaDot, the Troll Monk, began the quest for the Orb.
     0 | D        | Reached XP level 1. HP: 22/22 MP: 1/1
    11 | D        | Reached skill level 5 in Unarmed Combat
    11 | D        | Reached XP level 2. HP: 25/29 MP: 1/1
    23 | D        | Noticed a worker ant
    27 | D        | Reached skill level 6 in Unarmed Combat
    34 | D        | Killed a worker ant
    34 | D        | Reached skill level 7 in Unarmed Combat
    34 | D        | Reached XP level 3. HP: 29/36 MP: 2/2
    61 | D        | Found a glowing silver altar of Zin.
    61 | D        | Found a glowing golden altar of the Shining One.
    61 | D        | Found an ancient bone altar of Kikubaaqudgha.
    61 | D        | Found a basalt altar of Yredelemnul.
    61 | D        | Found a shimmering altar of Xom.
    61 | D        | Found a radiant altar of Vehumet.
    61 | D        | Found an iron altar of Okawaru.
    62 | D        | Found a burning altar of Makhleb.
    63 | D        | Found a deep blue altar of Sif Muna.
    64 | D        | Found a bloodstained altar of Trog.
    65 | D        | Found a sparkling altar of Nemelex Xobeh.
    66 | D        | Found a white marble altar of Elyvilon.
    67 | D        | Found a roughly hewn altar of Beogh.
    68 | D        | Found a viscous altar of Jiyva.
    69 | D        | Found a corrupted altar of Lugonu.
    70 | D        | Found a blossoming altar of Fedhas.
    71 | D        | Found a snail-covered altar of Cheibriados.
    72 | D        | Found a shadowy altar of Dithmenos.
    73 | D        | Found a stormy altar of Qazlal.
    74 | D        | Found an opulent altar of Gozag.
    77 | D        | Became a worshipper of Jiyva Jacij the Shapeless
    77 | D        | Acquired Jiyva's first power
    77 | D        | Acquired Jiyva's second power
   100 | D        | Noticed a big kobold
   100 | D        | Noticed a yak
   100 | D        | Noticed a crimson imp
   101 | D        | Killed a crimson imp
   101 | D        | Reached skill level 9 in Unarmed Combat
   101 | D        | Reached XP level 4. HP: 44/44 MP: 2/2
   105 | D        | Killed a yak
   105 | D        | Reached skill level 12 in Unarmed Combat
   105 | D        | Reached XP level 5. HP: 34/50 MP: 2/2
   111 | D        | Killed a big kobold
   111 | D        | Reached XP level 6. HP: 36/59 MP: 3/3
   139 | D        | Noticed a green ugly thing
   139 | D        | Noticed a killer bee
   139 | D        | Noticed a manticore
   139 | D        | Noticed a hill giant
   142 | D        | Killed a hill giant
   142 | D        | Reached skill level 15 in Unarmed Combat
   142 | D        | Reached XP level 7. HP: 45/66 MP: 3/3
   151 | D        | Slain by a manticore

Action                   |  1- 3 |  4- 6 |  7- 9 || total
-------------------------+-------+-------+-------++-------
Melee: Unarmed           |    18 |    16 |     5 ||    39
  Use: Potion            |       |       |     2 ||     2
